 Dungeon Crawl Stone Soup version 0.30-a0-371-gad7725a93e (webtiles) character file.

Game seed: 1078530294468604798

8066 Zonian the Nimble (level 11, -3/66 HPs)
             Began as a Djinni Ice Elementalist on Nov 22, 2022.
             Was a Priest of Ashenzari.
             Slain by a red devil
             ... wielding a +0 trident
             ... summoned by a kobold demonologist
              (17 damage)
             ... on level 8 of the Dungeon.
             The game lasted 00:32:12 (15168 turns).

Zonian the Nimble (Djinni Ice Elementalist)        Turns: 15168, Time: 00:32:12

Health: -3/66      AC:  5    Str:  7    XL:     11   Next: 48%
Gold:   343        EV: 22    Int: 20    God:    Ashenzari [***...] SH:  0 Dex: 21

rFire   + + .      SeeInvis +    j - +3 dagger (drain)
rCold   x . .      Faith    .    (no shield)
rNeg    . . .      Spirit   .    a - +1 robe "Share My Foul Odours" {Range, Self} (curse)
rPois   ∞          Reflect  .    y - +1 helmet of the Fated Hedonism {Self, Cun} (curse)
rElec   .          Harm     .    (no cloak)
rCorr   .          Rampage  .    (no gloves)
Will    +....      Clarity  +    (boots unavailable)
Stlth   +++++.....               (no amulet)
HPRegen 0.31/turn                h - ring "Gnosis of Ashenzari" {Dex+6, Melee, Self} (curse)
MPRegen 0.00/turn                E - ring of Ashenzari's Urgency {Wiz, Fort, Cun} (curse)

@: spiked, flying
A: sickness immunity, fire resistance 2, cold vulnerability 1, float, innate
caster, HP casting, extra vitality 1
a: Renounce Religion, Curse Item, Shatter the Chains


You were on level 8 of the Dungeon.
You worshipped Ashenzari.
Ashenzari was most pleased with you.
You visited 1 branch of the dungeon, and saw 8 of its levels.
You also visited: Sewer.

You collected 603 gold pieces.
You spent 260 gold pieces at shops.

Inventory:

Hand Weapons
 b - a +1 whip of electrocution
 c - a +0 short sword
 i - a +1 antimagic falchion
 j - a +3 dagger of draining (weapon)
 u - a +2 whip of electrocution
 H - a +0 rapier
 I - the +12 battleaxe of Sunlight {venom, rCorr Dex+2}
   (You found it on level 7 of the Dungeon)

   It poisons the flesh of those it strikes.
   Dex:       It affects your dexterity (+2).
   rCorr:     It protects you from acid and corrosion.
 K - the +9 quarterstaff "Kires" {protect, Fly Dex+2}
   (You took it off a deep elf pyromancer on level 7 of the Dungeon)

   It grants its wielder temporary protection when it strikes (+7 to AC).
   Dex:       It affects your dexterity (+2).
   Fly:       It grants you flight.
 L - a +1 long sword of electrocution
Missiles
 l - a throwing net
Armour
 a - the cursed +1 robe "Share My Foul Odours" (worn) {Range, Self}

   It has a curse which improves the following skills: Ranged Combat: Ranged
   Weapons and Throwing.
   Introspection: Fighting and Spellcasting.
 x - the +5 kite shield of the Echidna {Str+9}
   (You acquired it on level 5 of the Dungeon)

   Str:       It affects your strength (+9).
 y - the cursed +1 helmet of the Fated Hedonism (worn) {Self, Cun}
   (You found it on level 6 of the Dungeon)

   It has a curse which improves the following skills: Introspection: Fighting
   and Spellcasting.
   Cunning:   Dodging and Stealth.
 C - a +1 pair of gloves
Jewellery
 h - the cursed ring "Gnosis of Ashenzari" (left hand) {Dex+6, Melee, Self}
   (You found it on level 4 of the Dungeon)

   [ring of dexterity]

   Dex:       It affects your dexterity (+6).
   It has a curse which improves the following skills: Melee Combat: Short
   Blades, Long Blades, Axes, Maces & Flails, Polearms, Staves and Unarmed
   Combat.
   Introspection: Fighting and Spellcasting.
 E - the cursed ring of Ashenzari's Urgency (right hand) {Wiz, Fort, Cun}
   (You found it on level 7 of the Dungeon)

   [ring of wizardry]

   It improves your spell success rate.
   It has a curse which improves the following skills: Fortitude: Armour and
   Shields.
   Cunning:   Dodging and Stealth.
 G - a +4 ring of evasion
 J - a ring of resist corrosion
Wands
 B - a wand of flame (2)
Scrolls
 e - 4 scrolls of enchant weapon
 p - 3 scrolls of teleportation
 A - 2 scrolls of blinking
 D - a scroll of fog
 F - a scroll of poison
Potions
 d - a potion of invisibility
 f - a potion of degeneration
 g - 3 potions of lignification
 k - 3 potions of brilliance
 m - 6 potions of curing
 n - 3 potions of haste
 q - a potion of berserk rage
 r - 3 potions of might
 s - a potion of flight
 v - a potion of magic
 w - 3 potions of heal wounds
 z - 2 potions of ambrosia


   Skills:
 + Level 11.1(13.5) Dodging
 + Level 9.3(11.7) Stealth
 + Level 8.4(11.6) Spellcasting


You had 8 spell levels left.
You knew the following spells:

 Your Spells              Type           Power      Damage    Failure   Level
a - Freeze                Ice            100%       1d10      1%          1
b - Frozen Ramparts       Ice            100%       1d16      1%          3
c - Ozocubu's Armour      Ice            55%        N/A       1%          3
d - Summon Ice Beast      Ice/Summ       55%        N/A       1%          4
e - Shock                 Conj/Air       100%       1d9       1%          1
f - Searing Ray           Conj           100%       2d8       1%          2
g - Tukima's Dance        Hex            55%        N/A       1%          3
h - Gell's Gravitas       Tloc           55%        N/A       1%          3
i - Freezing Cloud        Conj/Ice/Air   27%        6-21      1%          5
Your spell library was empty.

Dungeon Overview and Level Annotations

Branches:
Dungeon (8/15)             Temple (0/1) D:6            Lair (0/5) D:8
  Sewer (visited)

Altars:
Ashenzari
Elyvilon
Fedhas
Gozag
Makhleb
Nemelex Xobeh
Trog
Wu Jian
Yredelemnul
The Shining One

Shops:
D:1 [!   D:2 [   D:3 (   D:6 !


Innate Abilities, Weirdness & Mutations

You are immune to sickness and miasma.
You are immune to poison.
Your flesh is very heat resistant. (rF++)
You are vulnerable to cold. (rC-)
You float through the air rather than walking.
You learn spells naturally, not from books.
Your magical power is your life essence.
You have superior vitality. (+4 MHP)


Message History

You hit the kobold demonologist but do no damage.
You drain the kobold demonologist.
The kobold demonologist is moderately wounded.
The kobold demonologist casts a spell.
The crimson imp misses you.
You hit the kobold demonologist but do no damage.
The kobold demonologist is moderately wounded.
The kobold demonologist barely misses you.
The crimson imp blinks!
The red devil hits you with a +0 trident!
Barbed spikes become lodged in your body.
Ashenzari invites you to partake of a vision and a curse of cunning and introspection.
You hit the kobold demonologist. You drain the kobold demonologist.
The kobold demonologist is heavily wounded.
The kobold demonologist hits you with a +2 vorpal long sword!
The red devil hits you with a +0 trident!!
Barbed spikes become lodged in your body.
You hit the kobold demonologist but do no damage.
You drain the kobold demonologist.
The kobold demonologist is severely wounded.
The kobold demonologist misses you.
The crimson imp blinks!
The red devil hits you with a +0 trident.
* * * LOW HITPOINT WARNING * * *
Barbed spikes become lodged in your body.
You hit the kobold demonologist.
The kobold demonologist is severely wounded.
The kobold demonologist closely misses you.
The crimson imp blinks!
Unknown command.
Casting: Searing Ray (safe; 1% risk of failure)
Confirm with . or Enter, or press ? or * to list all spells.
Aiming: Searing Ray (safe; 1% risk of failure)
Press: ? - help, Shift-Dir - straight line, f - kobold demonologist
Aim: a kobold demonologist, wielding a +2 vorpal long sword and wearing a +0 robe (severely wounded, heavily drained, 76% to hit)
The searing ray hits the kobold demonologist!
The kobold demonologist is almost dead. (Press . to maintain the ray.)
* * * LOW HITPOINT WARNING * * *
The red devil hits you with a +0 trident!
You die...

...#......##............,*
.l.#....................,*
...#....#....#..####'##.*********
.............#..###..##,*,,,,,,,*
.....##......#.........,,,,,,,,,*
.....*#......#.........,,,*,,,,,*
............[#.........,,,*,>,,,*
...#...o######..#######**,*,,,,,*
................@K.#,************
*#..............4..#,,,,*
*#..............§..#,,,,*
.............§.....#,,,,*
...#.....?...#.....'.,,,*
,,,*,,,,.....#.....#..,,*
,,,*,,,,.....#.....#...,*
,,,*,,,,....,#.....#'##**
,,,*,,,,,,,,,*,*,,,,,,*


You could see a kobold demonologist (very drained) and a red devil (summoned).

Vanquished Creatures
  Pikel (D:4)
  A deep elf pyromancer (D:7)
  A cyclops (D:7)
  2 manticores
  A gargoyle (D:7)
  2 trolls (D:7)
  A wyvern (D:8)
  A wraith (D:7)
  A steam dragon (D:7)
  2 orc warriors
  5 ice beasts
  3 black bears
  4 sky beasts
  3 ogres
  A centaur (D:6)
  8 kobold brigands (Sewer)
  4 phantoms
  3 bullfrogs
  3 necrophages
  3 scorpions
  4 howler monkeys
  3 hounds
  A jelly (D:5)
  3 orc priests
  A gnoll bouda (D:7)
  6 orc wizards
  An iguana (D:6)
  13 gnolls
  2 river rats (Sewer)
  8 adders
  2 white imps
  An ufetubus (D:2)
  7 worms
  A dart slug (D:3)
  24 orcs
  10 ball pythons
  7 endoplasms
  7 giant cockroaches
  6 goblins
  6 hobgoblins
  6 jackals
  10 kobolds
  5 quokkas
  9 bats
  4 frilled lizards
  2 rats
199 creatures vanquished.

Vanquished Creatures (collateral kills)
  A two-headed ogre (D:7)
  A vampire (D:7)
  3 bullfrogs (D:7)
  An electric eel (D:7)
  A jelly (D:7)
7 creatures vanquished.

Vanquished Creatures (others)
  2 dancing weapons (D:7)
2 creatures vanquished.

Grand Total: 208 creatures vanquished

Notes
Turn   | Place    | Note
-------+----------+-------------------------------------------
     0 | D:1      | Zonian the Djinni Ice Elementalist began the quest for the
                  | Orb.
     0 | D:1      | Zonian set off with the following spells memorised: Freeze,
                  | Frozen Ramparts, Ozocubu's Armour, Summon Ice Beast.
     0 | D:1      | Reached XP level 1. HP: 15/15 MP: 0/0
   309 | D:1      | Reached XP level 2. HP: 20/21 MP: 0/0
   327 | D:1      | Found Xuklod's Distillery.
   596 | D:1      | Found Numemi's Armour Boutique.
   817 | D:1      | Reached XP level 3. HP: 10/25 MP: 0/0
   817 | D:1      | Learned a level 1 spell: Shock
  1444 | D:2      | Reached skill level 3 in Dodging
  1507 | D:2      | Reached XP level 4. HP: 12/31 MP: 0/0
  2173 | D:2      | Found Kippiro's Armour Boutique.
  2836 | D:1      | Reached XP level 5. HP: 29/35 MP: 0/0
  2836 | D:1      | Learned a level 2 spell: Searing Ray
  5188 | D:3      | Reached skill level 4 in Dodging
  5223 | D:3      | Reached XP level 6. HP: 16/40 MP: 0/0
  5575 | D:3      | Found Rigimath's Weapon Boutique.
  6134 | D:4      | Found a sparkling altar of Nemelex Xobeh.
  6134 | D:4      | Found a bloodstained altar of Trog.
  6135 | D:4      | Found a glowing golden altar of the Shining One.
  6153 | D:4      | Found a basalt altar of Yredelemnul.
  6345 | D:4      | Noticed an ogre
  6349 | D:4      | Killed an ogre
  6350 | D:4      | Reached XP level 7. HP: 36/45 MP: 0/0
  6350 | D:4      | Learned a level 3 spell: Tukima's Dance
  6426 | D:4      | Reached skill level 5 in Dodging
  6442 | D:4      | Found a broken altar of Ashenzari.
  6455 | D:4      | Became a worshipper of Ashenzari the Shackled
  6497 | D:4      | Found an ornate altar of the Wu Jian Council.
  6771 | D:4      | Noticed Pikel
  6803 | D:4      | Killed Pikel
  6804 | D:4      | Reached skill level 6 in Dodging
  6804 | D:4      | Reached skill level 5 in Spellcasting
  6804 | D:4      | Reached XP level 8. HP: 14/50 MP: 0/0
  7141 | D:5      | Entered Level 5 of the Dungeon
  7232 | D:5      | Reached skill level 5 in Stealth
  7369 | D:5      | Found a glowing drain.
  7389 | Sewer    | Entered a sewer
  7991 | Sewer    | Reached skill level 7 in Dodging
  7991 | Sewer    | Reached XP level 9. HP: 53/55 MP: 0/0
  7991 | Sewer    | Learned a level 3 spell: Gell's Gravitas
  9044 | D:5      | Reached * piety under Ashenzari
  9044 | D:5      | Identified a scroll of acquirement
  9045 | D:5      | Acquired the +5 kite shield of the Echidna {Str+9}
  9094 | D:5      | Found a large runed translucent door.
  9094 | D:5      | Found a large runed translucent door.
  9597 | D:5      | Found a white marble altar of Elyvilon.
  9607 | D:5      | Found a blossoming altar of Fedhas.
  9650 | D:6      | Found Sirery's Distillery.
  9799 | D:6      | Reached ** piety under Ashenzari
  9823 | D:6      | Reached skill level 8 in Dodging
 10393 | D:1      | Bought a potion of curing for 30 gold pieces
 10393 | D:1      | Bought a potion of heal wounds for 50 gold pieces
 10393 | D:1      | Bought 2 potions of heal wounds for 100 gold pieces
 10393 | D:1      | Bought 2 potions of might for 80 gold pieces
 10576 | D:6      | Reached XP level 10. HP: 9/60 MP: 0/0
 11212 | D:6      | Found an opulent altar of Gozag.
 11277 | D:6      | Found a staircase to the Ecumenical Temple.
 11456 | D:7      | Reached *** piety under Ashenzari
 11463 | D:7      | Reached skill level 9 in Dodging
 12371 | D:7      | Noticed a gargoyle
 12371 | D:7      | Identified the +5 scale mail of Huecosal {Int-3 Dex+4 SInv}
 12371 | D:7      | Identified Spellweaving, Part Two
 12471 | D:7      | Killed a gargoyle
 12918 | D:7      | Noticed a cyclops
 12933 | D:7      | Killed a cyclops
 12934 | D:7      | Reached skill level 10 in Dodging
 13397 | D:7      | Noticed a two-headed ogre
 13398 | D:7      | Noticed a deep elf pyromancer
 13478 | D:7      | Killed a two-headed ogre
 13479 | D:7      | Reached XP level 11. HP: 59/66 MP: 0/0
 13479 | D:7      | Learned a level 5 spell: Freezing Cloud
 13483 | D:7      | Noticed a manticore
 13496 | D:7      | Killed a manticore
 13541 | D:7      | Identified the +12 battleaxe of Sunlight {venom, rCorr
                  | Dex+2}
 13668 | D:7      | Identified the +9 quarterstaff "Kires" {protect, Fly Dex+2}
 13690 | D:7      | Killed a deep elf pyromancer
 14935 | D:8      | Found a burning altar of Makhleb.
 14970 | D:8      | Noticed a manticore
 14992 | D:8      | Killed a manticore
 14993 | D:8      | Reached skill level 11 in Dodging
 15080 | D:8      | Identified the +5 chain mail of the Storm King {Dex+2}
 15085 | D:8      | Noticed a skeletal warrior
 15168 | D:8      | Slain by a red devil

Illustrated notes

Levels and vault maps discovered:
D:1:      dpeg_arrival_houses_and_road, layout_basic, serial_shops, shop_coins,
          nicolae_shop_window_shopping
D:2:      layout_loops_cross, serial_shops, shop, kennysheep_generic_room_5
D:3:      layout_rooms, serial_shops, nicolae_diamond_shop
D:4:      layout_loops_ring, mainiacjoe_overflow_24_doors, ashenzari_altar_1,
          nicolae_overflow_quartered_altars, uniq_pikel
D:5:      layout_basic, jmf_multi_god_temple2, serial_co_window_serial,
          co_window_paths_b, co_window_corner_a, co_window_paths_b,
          co_window_paths_a, co_window_paths_b, co_window_cross_1,
          co_window_paths_a, co_window_paths_a, co_window_of_opportunity_a,
          co_window_of_opportunity_b, co_window_corner_b, co_window_corner_b,
          co_window_2corner, co_window_paths_e, co_window_4corner_b,
          glass_columns_a, glass_columns_b, glass_columns_b,
          portal_sewer_entry_f
D:6:      layout_cave_pools, mainiacjoe_overflow_brackets,
          minmay_temple_entry_enclosed_plants, serial_shops,
          nicolae_diamond_shop, minmay_diced_spiral
D:7:      minmay_the_grid_octo_2x2 [minmay_the_grid_octo_vomiting_pacman,
          minmay_the_grid_octo_focus, minmay_the_grid_octo_tetromino_candy,
          minmay_the_grid_octo_prize_single_spiral], layout_loops_ring,
          corner_web_ring, kennysheep_donut
D:8:      minmay_cut_squares, layout_gridville, makhleb_grotto_becter,
          lair_entry_dummy, enter_bailey_5

Skill      XL: |  1  2  3  4  5  6  7  8  9 10 11 |
---------------+----------------------------------+-----
Stealth        | 2 3 4 5 7 8 9 |  9.3
Dodging        | 3 4 6 7 8 10 11 | 11.1
Spellcasting   | 4 5 6 7 8 |  8.4

Action                   |  1- 3 |  4- 6 |  7- 9 | 10-12 || total
-------------------------+-------+-------+-------+-------++-------
Melee: Short sword       |    19 |     6 |       |       ||    25
       Dagger            |       |    70 |   198 |   110 ||   378
       Punch             |       |       |     5 |     2 ||     7
       Battleaxe         |       |       |       |     6 ||     6
 Cast: Freeze            |    43 |    19 |     5 |       ||    67
       Shock             |       |     3 |     5 |       ||     8
       Searing Ray       |       |    21 |    21 |    35 ||    77
       Frozen Ramparts   |       |     2 |     5 |     5 ||    12
       Ozocubu's Armour  |       |     2 |     2 |     7 ||    11
       Summon Ice Beast  |       |       |       |    11 ||    11
       Tukima's Dance    |       |       |       |     6 ||     6
Invok: Curse Item        |       |       |     3 |     1 ||     4
  Use: Scroll            |       |    10 |     7 |     5 ||    22
       Potion            |       |       |       |     3 ||     3
 Stab: Sleeping          |     1 |     5 |    12 |     4 ||    22
       Distracted        |       |       |       |     1 ||     1
Armor: Robe              |     8 |    13 |    26 |    37 ||    84
Dodge: Dodged            |    43 |    74 |   161 |   202 ||   480

Table legend: (Time is in decaauts)
 A = Elapsed time spent in this place.
 B = Non-inter-level travel time spent in this place.
 C = Inter-level travel time spent in this place.
 D = Time resting spent in this place.
 E = Time spent auto-exploring this place.
 F = Levels seen in this place.
 G = Mean time per level.
                   A        B        C        D        E       F      G
               +--------+--------+--------+--------+--------+-----+--------+
         Total |  15181 |  14507 |    674 |   7284 |   4656 |   9 | 1686.8 |
       Dungeon |  14169 |  13495 |    674 |   7284 |   3960 |   8 | 1771.1 |
         Sewer |   1011 |   1011 |      0 |      0 |    696 |   1 | 1011.0 |
               +--------+--------+--------+--------+--------+-----+--------+

Top non-repeatable levels by time:
     D:7: 3382 daAuts
     D:2: 2707 daAuts
     D:1: 2225 daAuts
     D:4: 1432 daAuts
     D:6: 1388 daAuts
     D:5: 1378 daAuts
     D:3: 1301 daAuts
   Sewer: 1011 daAuts
     D:8: 353 daAuts
